Cogmind - Beta 14 @@@ ROGUE MODE // 2024.11.24 @ 16:17:36 Player: Fangrelle Result: Destroyed by 1D-KG3(R) with Subdweller Beam Cannon Performance ------------- Evolutions (0) 0 Regions Visited (3) 600 Robots Destroyed (24) 120 Value Destroyed (387) 387 Prototype IDs (0) 0 Alien Tech Used (0) 0 Bonus (10) 10 TOTAL SCORE: 1117 Bonus ------- High Alert Combat Kills 10 Cogmind --------- Core Integrity 0/250 Matter 290/300 Energy 100/100 System Corruption 0% Temperature Warm (123) Movement Rolling (135) Ox3 Location -10/Subcaves Parts ------- > --- POWER (1) -------- (None) > --- PROPULSION (2) --- Wheel Compact Wheel > --- UTILITY (2) ------ Huge Storage Unit > --- WEAPON (2) ------- Hammer > --- INVENTORY (25) --- Aluminum Leg Aluminum Leg Wheel Wheel Compact Wheel Compact Wheel Compact Wheel Compact Wheel Signal Interpreter Seismic Detector Tractor Beam Mining Laser Mining Laser Mining Claw Mining Claw Peak State ------------ > --- POWER ------------ Light Ion Engine > --- PROPULSION ------- Light Treads Light Treads > --- UTILITY ---------- Huge Storage Unit Light Armor Plating > --- WEAPON ----------- Assault Rifle Grenade Launcher > --- INVENTORY -------- Light Ion Engine Aluminum Leg Aluminum Leg Compact Wheel Compact Wheel Tractor Beam Medium Laser Assault Rifle Mining Claw Mining Claw [Rating: 8] Favorites ----------- Power Light Ion Engine Engine Light Ion Engine Propulsion Light Treads Treads Light Treads Leg Aluminum Leg Wheel Compact Wheel Utility Huge Storage Unit Device Terrain Scanner Storage Huge Storage Unit Protection Light Armor Plating Weapon Assault Rifle Energy Gun Medium Laser Ballistic Gun Assault Rifle Launcher Grenade Launcher Impact Weapon Hammer Slashing Weapon Mining Claw Build | -11 -10 -10 -10 ------- Run | Yrd Mat Min Sub Slots Evolved . | . . . . Power . | . . . . Propulsion . | . . . . Utility . | . . . . Weapon . | . . . . Parts Attached 18 | . 6 10 2 Power 1 | . . 1 . Engine 1 | . . 1 . Core . | . . . . Reactor . | . . . . Propulsion 4 | . 2 2 . Treads 2 | . 2 . . Leg . | . . . . Wheel 2 | . . 2 . Hover . | . . . . Flight . | . . . . Utility 6 | . 3 3 . Device 3 | . 1 2 . Storage 1 | . 1 . . Processor . | . . . . Hackware . | . . . . Protection 2 | . 1 1 . Artifact . | . . . . Weapon 7 | . 1 4 2 Energy Gun 1 | . . 1 . Energy Cannon . | . . . . Ballistic Gun 2 | . . 1 1 Ballistic Cannon . | . . . . Launcher 2 | . 1 1 . Special Weapon . | . . . . Impact Weapon 1 | . . . 1 Slashing Weapon 1 | . . 1 . Piercing Weapon . | . . . . Special Melee Weapon . | . . . . Unidentified Prototypes . | . . . . Parts Lost 10 | . . 7 3 Power 2 | . . 1 1 Propulsion 2 | . . 2 . Utility 2 | . . 1 1 Weapon 4 | . . 3 1 Highest Loss Streak 6 | . . 6 3 To Critical Strikes . | . . . . Average Slot Usage (%) 94 | . 94 95 88 Engine 13 | . 14 13 11 Treads 22 | . 22 24 . Leg 1 | . 5 . . Wheel 3 | . . 2 28 Device 1 | . 2 . 8 Storage 14 | . 14 14 14 Protection 10 | . 6 12 . Energy Gun 8 | . 2 11 . Ballistic Gun 13 | . 14 13 11 Launcher 3 | . 11 . . Peak Build Rating 8 | . 8 8 8 Average Rating 7 | . 6 7 7 On Entrance 6 | 6 6 8 7 Naked Turns . | . . . . Heaviest Build 91 | 12 91 91 88 Greatest Support 40 | 20 40 40 26 Greatest Overweight (x) 3 | . 2 3 3 Average Overweight (x) 1 | . . 2 3 Largest Inventory Capacity 25 | . 25 25 25 Average Capacity 22 | . 13 25 25 Most Carried 19 | . 11 19 15 Average Carried 12 | . 8 13 15 Final Capacity 25 | 8 25 25 25 Final Carried 16 | 6 11 16 15 Class Distribution -------------------- 100% | Mutant Dominant Class ---------------- Mutant | -10/Materials Mutant | -10/Mines Mutant | -10/Subcaves Resources | -11 -10 -10 -10 ----------- Run | Yrd Mat Min Sub Matter Collected 702 | 200 158 314 30 Remotely 166 | . 134 32 . Salvage Created 456 | . 381 75 . Parts 36 | . 32 4 . Haulers Intercepted 1 | . 1 . . Recyclers Shooed . | . . . . Parts Field Recycled . | . . . . Retrieved Matter . | . . . . Parts Self-Destructed . | . . . . Prevented . | . . . . Kills | -11 -10 -10 -10 ------- Run | Yrd Mat Min Sub Combat Hostiles Destroyed 18 | . 14 4 . Guns 5 | . 1 4 . AOE 13 | . 13 . . Classes Destroyed 8 | . 6 2 . Worker 4 | . 4 . . Builder 1 | . 1 . . Tunneler 2 | . . 2 . Hauler 1 | . 1 . . Watcher 2 | . 2 . . Swarmer 9 | . 9 . . Grunt 5 | . 5 . . Assembled 4 | . . 4 . Best Kill Streak 14 | . 14 2 . Combat Bots Only 6 | . 6 2 . Max Kills in Single Turn 6 | . 6 1 . Gunslinging . | . . . . Exploded 3 | . 3 . . Melee . | . . . . Uniques/NPCs Destroyed . | . . . . Combat | -11 -10 -10 -10 -------- Run | Yrd Mat Min Sub Hostile Shots Fired 95 | . 31 46 18 Missed 28 | . 8 15 5 Damage Taken 1319 | . 233 765 321 Core 275 | . 38 158 79 Absorbed by Shields . | . . . . Core Remaining (%) 100 | 100 . . . Volleys Fired 45 | . 19 26 . Largest 2 | . 2 2 . Hottest 70 | . 70 70 . Shots Fired 87 | . 38 49 . Gun 66 | . 20 46 . Cannon . | . . . . Launcher 21 | . 18 3 . Special . | . . . . Kinetic 55 | . 19 36 . Thermal 11 | . 1 10 . Explosive 21 | . 18 3 . Electromagnetic . | . . . . Robot Hit Streak 13 | . 5 13 . Robot Miss Streak 3 | . 3 3 . Penetration Max . | . . . . Secondary Targets 1 | . . 1 . Max Gunslinging Chain 1 | . . 1 . Shots Hit Robots 49 | . 14 29 6 Core Hits 40 | . 29 11 . Critical Kills . | . . . . Critical Parts Destroyed . | . . . . Critical Strikes 1 | . . 1 . Burn 1 | . . 1 . Melee Attacks 11 | . . 5 6 Impact 6 | . . . 6 Slashing 5 | . . 5 . Piercing . | . . . . Sneak Attacks . | . . . . Combat Hostiles . | . . . . Follow-up Attacks . | . . . . Damage Inflicted 1879 | . 1198 506 175 Guns 424 | . 75 349 . Cannons . | . . . . Explosions 1280 | . 1123 157 . Melee 175 | . . . 175 Ramming . | . . . . Kinetic 349 | . 75 274 . Thermal 75 | . . 75 . Explosive 974 | . 817 157 . Electromagnetic 306 | . 306 . . Impact 175 | . . . 175 Slashing . | . . . . Piercing . | . . . . Highest Corruption . | . . . . Average Corruption . | . . . . Corruption Purged . | . . . . Corruption Blocked . | . . . . Overload Shots . | . . . . Overflow Damage 39 | . 37 . 2 Projectiles . | . . . . Explosions 37 | . 37 . . Melee 2 | . . . 2 Knockbacks 1 | . . . 1 Impact 1 | . . . 1 Kinetic . | . . . . Secondary . | . . . . Self-Inflicted Damage 41 | . 28 13 . Shots 4 | . 3 1 . Rammed . | . . . . Targets Rammed . | . . . . Kicked . | . . . . Crushed . | . . . . Highest Temperature 236 | . 16 78 236 Average Temperature 49 | . 8 35 142 Received Heat Transfer 638 | . 36 9 593 Siege Activations . | . . . . Robots Corrupted . | . . . . Combat Hostiles . | . . . . Parts Fried 1 | . 1 . . Impact Corruptions 1 | . . . 1 Robots Melted . | . . . . Combat Hostiles . | . . . . Parts Melted . | . . . . Heat Transferred 296 | . . 296 . Parts Sabotaged . | . . . . Parts Stolen . | . . . . Parts Stripped . | . . . . Power Chain Reactions . | . . . . Alert | -11 -10 -10 -10 ------- Run | Yrd Mat Min Sub Peak Influence 577 | . 577 242 . Initial 225 | . . 225 . Average 170 | . 288 125 . Maximum Alert Level 2 | . 2 1 . Low Security (%) 48 | . 31 55 . Level 1 38 | . 23 44 . Level 2 12 | . 45 . . Level 3 . | . . . . Level 4 . | . . . . Level 5 . | . . . . High Security . | . . . . Max Security . | . . . . Squads Dispatched 2 | . 2 . . Investigation 1 | . 1 . . Extermination . | . . . . Reinforcement 1 | . 1 . . Assault . | . . . . Garrison . | . . . . Intercept . | . . . . Searches Triggered . | . . . . Construction Impeded . | . . . . Haulers Reinforced . | . . . . Active Scanning Responses . | . . . . Cargo Convoy Interrupts . | . . . . Stealth | -11 -10 -10 -10 --------- Run | Yrd Mat Min Sub Distress Signals 2 | . 2 . . Communications Jammed . | . . . . Distress Signals . | . . . . Times Spotted 25 | . 18 5 2 Peak Tracking Total 4 | . 4 2 2 Tactical Retreats . | . . . . Traps | -11 -10 -10 -10 ------- Run | Yrd Mat Min Sub Traps Triggered . | . . . . Indirectly . | . . . . Trap Hack Attempts . | . . . . Triggered . | . . . . Disarmed . | . . . . Reprogrammed . | . . . . Reused . | . . . . Traps Extracted . | . . . . Installed . | . . . . Triggered . | . . . . Machines | -11 -10 -10 -10 ---------- Run | Yrd Mat Min Sub Machines Disabled 8 | . 8 . . Max in Single Turn 1 | . 1 . . Machines Repaired . | . . . . Machines Dismantled . | . . . . Machines Sabotaged . | . . . . Overloaded Fab Kills . | . . . . Hacking | -11 -10 -10 -10 --------- Run | Yrd Mat Min Sub Machines Accessed 2 | . 2 . . Terminals 2 | . 2 . . Fabricators . | . . . . Repair Stations . | . . . . Recycling Units . | . . . . Scanalyzers . | . . . . Garrison Access . | . . . . Total Hacks 5 | . 5 . . Successful . | . . . . Failed 5 | . 5 . . Catastrophic 2 | . 2 . . Database Lockouts . | . . . . Manual 5 | . 5 . . Terminals 5 | . 5 . . Fabricators . | . . . . Repair Stations . | . . . . Recycling Units . | . . . . Scanalyzers . | . . . . Garrison Access . | . . . . Terminal Hacks . | . . . . Fabricator Hacks . | . . . . Repair Station Hacks . | . . . . Recycling Unit Hacks . | . . . . Scanalyzer . | . . . . Garrison Access Hacks . | . . . . Unauthorized Hacks . | . . . . Terminals . | . . . . Fabricators . | . . . . Repair Stations . | . . . . Recycling Units . | . . . . Scanalyzers . | . . . . Garrison Access . | . . . . Data Cores Recovered . | . . . . Used . | . . . . Hacking Detections 2 | . 2 . . Full Trace Events 1 | . 1 . . Feedback Events . | . . . . Feedback Blocked . | . . . . Robot Schematics Acquired . | . . . . Robots Built . | . . . . Authchips . | . . . . Time . | . . . . Total Robot Build Rating . | . . . . Part Schematics Acquired . | . . . . Parts Built . | . . . . Authchips . | . . . . Time . | . . . . Total Part Build Rating . | . . . . Parts Repaired . | . . . . Time . | . . . . Parts Recycled . | . . . . Recycled Matter . | . . . . Retrieved Matter . | . . . . Retrieved Components . | . . . . Parts Scanalyzed . | . . . . Part Schematics Acquired . | . . . . Parts Damaged . | . . . . Bothacking | -11 -10 -10 -10 ------------ Run | Yrd Mat Min Sub Used RIF Installer . | . . . . Robots Hacked . | . . . . Non-combat . | . . . . Combat . | . . . . Robot Hacks Applied . | . . . . Relay Couplers Released . | . . . . Fabnet Peak Effective % . | . . . . Robots Rewired . | . . . . Allies Hacked . | . . . . Hacks Repelled . | . . . . Allies | -11 -10 -10 -10 -------- Run | Yrd Mat Min Sub Total Allies . | . . . . Largest Group . | . . . . Highest-Rated Group . | . . . . Highest-Rated Ally . | . . . . Total Orders . | . . . . Ally Attacks . | . . . . Total Damage . | . . . . Kills . | . . . . Allies Corrupted . | . . . . Allies Melted . | . . . . Intel | -11 -10 -10 -10 ------- Run | Yrd Mat Min Sub Robot Analysis Total . | . . . . Derelict Logs Recovered . | . . . . Drone Launches . | . . . . Drone Recoveries . | . . . . Exploration | -11 -10 -10 -10 ------------- Run | Yrd Mat Min Sub Turns Passed 1300 | . 351 901 48 Spaces Moved 449 | 1 155 272 21 Core . | . . . . Treads 325 | . 103 222 . Legs 53 | 1 52 . . Wheels 71 | . . 50 21 Hover . | . . . . Flight . | . . . . Fastest Speed 120 | 120 120 135 135 Average Speed 242 | 120 181 285 135 Slowest Speed 320 | 120 320 320 135 Overloaded Moves . | . . . . Propulsion Burnouts . | . . . . Robots Hopped . | . . . . Cave-ins Triggered . | . . . . Exploration Rate (%) 26 | 2 47 55 2 Regions Visited 3 Branch Regions 2 Pre-discovered Areas . | . . . . Known Exits Taken . | . . . . Unknown Exits Taken 3 | 1 1 1 . Scrap Searched 1 | . . 1 . Spaces Dug 1 | . . 1 . Terrain Destroyed 98 | . 78 20 . Melee 1 | . . 1 . Projectile . | . . . . AOE 97 | . 78 19 . Terrain Rammed . | . . . . Walls Destroyed . | . . . . Machines Disabled . | . . . . Actions | -11 -10 -10 -10 --------- Run | Yrd Mat Min Sub Total 555 | . 189 335 31 Wait 12 | . . 10 2 Move 446 | . 154 271 21 Hop . | . . . . Pick Up 18 | . 6 12 . Fast Attach 2 | . 2 . . Attach 10 | . 2 7 1 Detach 1 | . 1 . . Swap 6 | . 2 3 1 Drop 4 | . 3 1 . Fire 45 | . 19 26 . Melee 11 | . . 5 6 Ram . | . . . . Kick . | . . . . Crush . | . . . . Escape Stasis . | . . . . Rewire . | . . . . Trap . | . . . . Miscellaneous . | . . . . Route ------- -11/Scrapyard -10/Materials (discovered 2 exits: [*Min x2]) -10/Mines -10/Subcaves History --------- Turn | Location | Event 1 | -11/Scrapyard | Discovered new exit (range 0) 1 | -11/Scrapyard | Entered Materials 30 | -10/Materials | Discovered new exit (range 4) 183 | -10/Materials | Discovered new exit (range 11) 308 | -10/Materials | Build established: Mutant 352 | -10/Materials | Entered Mines 353 | -10/Mines | Assembled infested the area 1158 | -10/Mines | Core integrity fell below 50% 1190 | -10/Mines | Lost 6 parts (1p2n1u2w) 1250 | -10/Mines | Discovered new exit (range 3) 1253 | -10/Mines | Entered Subcaves 1277 | -10/Subcaves | Ambushed by Subdwellers from Twisted Machinery 1293 | -10/Subcaves | Core integrity fell below 20% 1301 | -10/Subcaves | Destroyed by 1D-KG3(R) with Subdweller Beam Cannon Last Messages --------------- 01220_ Grenade Launcher destroyed. 01220_ Destroyed Grenade Launcher. 01232_ The unstable cave ceiling collapses. 01250_ EXIT=FOUND LOCATION=UNKNOWN AMBIENT_HEAT=-10 GOAL=ESCAPE 01256_ Acquired 7 matter. 01264_ Acquired 6 matter. 01265_ Acquired 12 matter. 01277_ G9-5UI(R) emerges from the Twisted Machinery. 01288_ Critical hit (Meltdown: +260). 01289_ Terrain Scanner destroyed. 01290_ Assault Rifle destroyed. 01290_ G9-5UI(R) knocked back. 01293_ Lgt. Ion Engine destroyed. 01293_ Acquired 5 matter. 01297_ Critical hit (Meltdown: +270). 01300_ Destroyed Disposable Heat Sink. 01300_ G9-5UI(R) system corrupted by crushing effect. Map ----- +----------------------------------------------------+ | | | | | ?????????????????????????????????????????????????? | | ?????????????????????????????????????????????????? | | ?????????????????????????????????????????????????? | | ?????????????????????????????????????????????????? | | ?????????????????????????????????????????????????? | | ?????????????????????????????????????????????????? | | ?????????????????????????????????????????????????? | | ?????????????????????????????????????????????????? | | ?????????????????????????????????????????????????? | | ?????????????????????#???????????????????????????? | | ?????????????????????????????????????????????????? | | ?????????????????????????????????????????????????? | | ?????????????????????????????????????????????????? | | ????????????????????#??#??????#??????????????????? | | ???????????????#??????????????#??????????????????? | | ?????????###????????????#???? ??????????????????? | | ???#?????# ###???????###????? ?????????????????? | | ???# ##### #???????# ????""""#????????????????? | | ???# % ##?###### ##???"""""""??????????????? | | ????# ### ## #?? """" ""??????????????? | | ????# ### ### """ #????????????????? | | ????# ## # ##???????????????? | | ????# #???????????????? | | ????# #### % @ R #???????????????? | | ????# #??# ####R# #???????????????? | | ????## ##??## ##???##?## #??????????????? | | ?????###?????#########?#????????###??????????????? | | ??????????????????#??????????????????????????????? | | ?????????????????????????????????????????????????? | | ????????????#????????????????????????????????????? | | ?????????????????????????????????????????????????? | | ?????????????????????????????????????????????????? | | ?????????????????????????????????????????????????? | | ??????????????????#??????????????????????????????? | | ??????????????????????#??????????????????????????? | | ?????????????????????????????????????????????????? | | ?????????????????????????????????????????????????? | | ?????????????????????????????????????????????????? | | ????????????#????????????????????????????????????? | | ?????????????????????????????????????????????????? | | ?????????????????????????????????????????????????? | | ?????????????????????????????????????????????????? | | ?????????????????????????????????????????????????? | | ?????????????????????????????????????????????????? | | ?????????????????????????????????????????????????? | | ?????????????????????????????????????????????????? | | ?????????????????????????????????????????????????? | | ?????????????????????????????????????????????????? | +----------------------------------------------------+ Best States ------------- Heat Dissipation 25 Energy Generation 10 Energy Capacity 125 Matter Stores 300 Matter Capacity 300 Sight Range 16 Terrain Scan Range 14 Terrain Scan Density 10 Armor Coverage 150 Evasion (%) 55 Recoil Reduction 2 Item Schematics ----------------- None Robot Schematics ------------------ None Fabricated ------------ Nothing Alien Tech Used ----------------- None Achievements -------------- None Challenges ------------ None Game ------ Seed RocketChargeMatrix Manual? 0 Play Time 00:07:29 Cumulative 134.2 hours Start 2024.11.24 @ 16:10:49 End 2024.11.24 @ 16:17:36 Sessions 1 Manual Loads 0 Difficulty Rogue Special Mode None Game No. 258 Rogue 258 Adventurer 0 Explorer 0 Win Type - Total 0 Types 0/0/0/0/0/0/0/0/0 Lore% 43 Gallery% 41 Achievement% 36 Wizard Run 0 Options --------- Layout 0 ASCII 0 Keyboard 0 Movement Mouse Keybinds 0 Fullscreen 1 Font 24/Smallcaps Map View 91x25 Zoom Use 98% Tactical HUD 1 Map Filters NONE Filters NONE Steam 1 RUN: ee6c1b6c-19ef-4ac3-a4c5-fdce1ffc22e0